 Dungeon Crawl Stone Soup version 0.29-a0-506-ga2e7fffb44 (webtiles) character file.

Game seed: 2080339785845687170

64 happo123 the Sneak (level 4, 0/25 HPs)
             Began as a Kobold Enchanter on May 28, 2022.
             Slain by a goblin
             ... wielding a +0 dagger
             ... led by Robin
              (5 damage)
             ... on level 2 of the Dungeon.
             The game lasted 00:04:56 (1478 turns).

happo123 the Sneak (Kobold Enchanter)               Turns: 1478, Time: 00:04:57

Health: 0/25       AC:  6    Str:  5    XL:     4   Next: 32%
Magic:  0/7        EV: 15    Int: 18    God:
Gold:   49         SH:  0    Dex: 15    Spells: 3/8 levels left

rFire   . . .      SeeInvis .   a - +1 dagger
rCold   . . .      Faith    .   (no shield)
rNeg    . . .      Spirit   .   b - +0 robe
rPois   .          Reflect  .   (no helmet)
rElec   .          Harm     .   (no cloak)
rCorr   .          Rampage  .   (no gloves)
Will    .....                   (no boots)
Stlth   ++++......              (no amulet)
HPRegen 0.08/turn               j - +4 ring of protection
MPRegen 0.10/turn               (no ring)

@: no status effects
A: small, no large weapons, nightstalker 3
a: no special abilities


You were on level 2 of the Dungeon.
You visited 1 branch of the dungeon, and saw 2 of its levels.

You collected 49 gold pieces.

Inventory:

Hand Weapons
 a - a +1 dagger (weapon)
Armour
 b - a +0 robe (worn)
Jewellery
 j - a +4 ring of protection (left hand)
Scrolls
 d - 4 scrolls of identify {unknown}
 h - a scroll of magic mapping {unknown}
 i - a scroll of poison {unknown}
 k - a scroll of fear {unknown}
Potions
 c - 2 potions of invisibility
 e - a potion of heal wounds {unknown}
 f - a potion of curing {unknown}
 g - a potion of might {unknown}


   Skills:
 + Level 1.1 Fighting
 + Level 2.2 Short Blades
 + Level 2.9 Dodging
 + Level 4.4 Stealth
 + Level 2.5 Spellcasting
 * Level 3.7 Hexes


You had 3 spell levels left.
You knew the following spells:

 Your Spells              Type           Power      Damage    Failure   Level
a - Ensorcelled Hibernat  Hex/Ice        18%        N/A       12%         2
b - Tukima's Dance        Hex            15%        N/A       11%         3

Your spell library contained the following spells:

 Spells                   Type           Power      Damage    Failure   Level
 Confusing Touch          Hex            15%        N/A       11%         3
 Freeze                   Ice            8%         1d3       17%         1
 Dazzling Flash           Conj/Hex       18%        N/A       24%         3
 Frozen Ramparts          Ice            4%         1d2       45%         3
 Hailstorm                Conj/Ice       2%         3d3       86%         4


Dungeon Overview and Level Annotations

Branches:
Dungeon (2/15)

Altars:


Innate Abilities, Weirdness & Mutations

You are small and have problems with some larger weapons.
You are completely attuned to the shadows.


Message History

You hit the goblin.
You kill the goblin!
A goblin comes into view. It is wielding a +0 club.
The goblin attacks as you move away! The goblin hits you but does no damage.
The goblin attacks as you move away! The goblin hits you but does no damage.
You hit the goblin.
The goblin is moderately wounded.
The goblin closely misses you.
You barely miss the goblin.
The goblin is moderately wounded.
The goblin closely misses you.
You hit the goblin but do no damage.
The goblin is moderately wounded.
Robin throws the goblin at you! The goblin misses you.
Robin completely misses you.
You don't have enough magic to cast this spell.
You hit Robin.
Robin is lightly wounded.
Robin closely misses you. The goblin hits you with a +0 dagger.
You hit Robin but do no damage. Your punch misses Robin.
Robin is lightly wounded.
The goblin barely misses you.
Robin roars a battlecry!
You hit Robin but do no damage.
Robin is lightly wounded.
Robin hits you with a +0 club.
* * * LOW HITPOINT WARNING * * *
The goblin closely misses you.
You hit Robin.
Robin is moderately wounded.
Aiming: Ensorcelled Hibernation (safe; 12% risk of failure)
Press: ? - help, Q - select action Shift-Dir - straight line, f - Robin, p - goblin
Aim: Robin, wielding a +0 club, wearing a +0 animal skin and wearing a +2 helmet (moderately wounded, chance to affect: 51%) Robin looks drowsy...
The goblin closely misses you.
The helpless Robin fails to defend themself.
You impale Robin!!
You kill Robin!
The goblin hits you with a +0 dagger.
You die...

.g....# #)# ###.#
##...####
#.......#
#..g...?# .###
#.......#
....####.......#
#.g@)g.......# ..
######....... ..
####.......... #
##.............
##.....
#..##..#......
##.#.. ###.
##.####### .#.#.#
##....##..#
.#.#.###<.###...##
..†..........(###


You could see 2 goblins.

Vanquished Creatures
  Terence (D:2)
  Robin (D:2)
  An adder (D:2)
  3 endoplasms (D:1)
  A giant cockroach (D:1)
  6 goblins
  3 hobgoblins
  3 quokkas
  3 ball pythons (D:1)
  4 bats
  2 frilled lizards (D:1)
  2 rats (D:1)
30 creatures vanquished.

Notes
Turn   | Place    | Note
-------+----------+-------------------------------------------
     0 | D:1      | happo123 the Kobold Enchanter began the quest for the Orb.
     0 | D:1      | Reached XP level 1. HP: 10/10 MP: 3/3
   307 | D:1      | Reached XP level 2. HP: 15/15 MP: 5/5
   310 | D:1      | Learned a level 2 spell: Ensorcelled Hibernation
  1019 | D:1      | Reached XP level 3. HP: 20/20 MP: 6/6
  1119 | D:1      | Learned a level 3 spell: Tukima's Dance
  1289 | D:2      | Noticed Terence
  1293 | D:2      | Killed Terence
  1294 | D:2      | Reached skill level 1 in Fighting
  1294 | D:2      | Reached XP level 4. HP: 25/25 MP: 7/7
  1439 | D:2      | Noticed Robin
  1478 | D:2      | Killed Robin
  1478 | D:2      | Slain by a goblin

Illustrated notes

Levels and vault maps discovered:
D:1:      eino_arrival_druids_welcome, layout_basic
D:2:      layout_rooms, serial_shops, nicolae_square_shop, uniq_robin,
          uniq_terence

Skill      XL: |  1  2  3 |
---------------+----------+-----
Fighting       | 1 |  1.1
Short Blades   | 2 |  2.2
Dodging        | |  2.9
Stealth        | |  4.4
Spellcasting   | |  2.5
Hexes          | |  3.7

Action                   |  1- 3 |  4- 6 || total
-------------------------+-------+-------++-------
Melee: Dagger            |    35 |    30 ||    65
 Cast: Ensorcelled Hiber |     4 |     4 ||     8
 Stab: Sleeping          |    16 |     4 ||    20
Armor: Robe              |     1 |    11 ||    12
Dodge: Dodged            |    15 |    29 ||    44

Table legend: (Time is in decaauts)
 A = Elapsed time spent in this place.
 B = Non-inter-level travel time spent in this place.
 C = Inter-level travel time spent in this place.
 D = Time resting spent in this place.
 E = Time spent auto-exploring this place.
 F = Levels seen in this place.
 G = Mean time per level.
                   A        B        C        D        E       F      G
               +--------+--------+--------+--------+--------+-----+--------+
         Total |   1471 |   1357 |    114 |    169 |    962 |   2 |  735.5 |
       Dungeon |   1471 |   1357 |    114 |    169 |    962 |   2 |  735.5 |
               +--------+--------+--------+--------+--------+-----+--------+

Top non-repeatable levels by time:
     D:1: 1274 daAuts
     D:2: 197 daAuts
